 Dungeon Crawl Stone Soup version 0.18.1-8-gdd0e5ea (webtiles) character file.

65 M4edhros the Shield-Bearer (level 4, -8/35 HPs)
             Began as a Formicid Fighter on June 6, 2016.
             Mangled by Eustachio
             ... wielding a +2 falchion of electrocution
              (12 damage)
             ... on level 4 of the Dungeon.
             The game lasted 00:00:45 (734 turns).

M4edhros the Shield-Bearer (Formicid Fighter)        Turns: 734, Time: 00:00:46

Health: -8/35      AC:  6    Str: 21    XL:     4   Next: 35%
Magic:  4/4        EV:  8    Int:  7    God:
Gold:   98         SH: 10    Dex: 11    Spells: 0 memorised, 3 levels left

rFire  + . .     SeeInvis +     a - +0 trident
rCold  x . .     Gourm    .     b - +0 scale mail
rNeg   . . .     Faith    .     c - +0 shield
rPois  .         Spirit   .     (helmet unavailable)
rElec  .         Dismiss  .     (no cloak)
rCorr  .         Reflect  .     (no gloves)
SustAt .         Harm     .     (no boots)
MR     .....                    (no amulet)
Stlth  ..........               (no ring)
                                g - ring of fire

@: not resistant to hostile enchantments, extremely unstealthy
A: permanent stasis, dig shafts and tunnels, four strong arms, antennae 3
a: Dig, Shaft Self


You were on level 4 of the Dungeon.
You were not hungry.

You visited 1 branch of the dungeon, and saw 4 of its levels.

You collected 98 gold pieces.

Inventory:

Hand Weapons
 a - a +0 trident (weapon)
Armour
 b - a +0 scale mail (worn)
 c - a +0 shield (worn)
Jewellery
 g - a ring of fire (left hand)
Scrolls
 i - a scroll of magic mapping {unknown}
 k - a scroll of amnesia {unknown}
 l - 2 scrolls of identify {unknown}
 m - a scroll of enchant armour {unknown}
Potions
 d - a potion of might
 e - a potion of agility {unknown}
 h - 2 potions of lignification {unknown}
Books
 j - a book of Maledictions

   Spells                             Type                      Level
   a - Corona                         Hexes                        1
   b - Ensorcelled Hibernation        Hexes/Ice                    2
   c - Confuse                        Hexes                        3
   d - Tukima's Dance                 Hexes                        3
   e - Dazzling Spray                 Conjuration/Hexes            3
Comestibles
 f - a bread ration


   Skills:
 - Level 3.2 Fighting
 + Level 3.2 Polearms
 - Level 3.2 Armour
 + Level 4.9 Shields


You had 3 spell levels left.
You didn't know any spells.

Dungeon Overview and Level Annotations

Branches:
Dungeon (4/15)
 Temple: D:4-7

Altars:
Trog

Annotations:
D:4 Eustachio


Innate Abilities, Weirdness & Mutations

You are under a permanent stasis effect.
You can dig through walls and to a lower floor.
Your four strong arms can wield two-handed weapons with a shield.
You have a pair of large antennae on your head (SInv).


Message History

Eustachio is nearby!
Eustachio is nearby!
You barely miss Eustachio.
Eustachio casts a spell.
You miss Eustachio.
Eustachio screams, "Hey, you killed my favourite bat!"
You block Eustachio's attack. You block the river rat's attack.
You barely miss Eustachio.
Eustachio hits you with a falchion of electrocution.
The river rat bites you! Eustachio completely misses you.
You barely miss Eustachio. The river rat bites you!
Eustachio hits you with a falchion of electrocution.
You barely miss Eustachio. The river rat bites you.
Eustachio casts a spell.
The river rat completely misses you.
You barely miss Eustachio.
Eustachio hits you with a falchion of electrocution!
* * * LOW HITPOINT WARNING * * *
You are electrocuted!
You die...

#...# { #....#
###.###
###....# #...#
#...##.#
###.###.####.#
######.....#
#.#
#.......#..#
#.#
#.#####...##
#.# #r#
#.#######.#
#@#
#...<.....#
#@#
###########
..# .5.# .....
...... .......
##.....##


You could see Eustachio, a river rat and a white imp.

Vanquished Creatures
  A hound skeleton (D:3)
  A hound zombie (D:3)
  An ooze (D:1)
  An adder skeleton (D:3)
  A worm (D:2)
  A giant gecko (D:2)
  2 giant cockroaches (D:1)
  4 goblins
  A hobgoblin (D:1)
  3 jackals (D:1)
  2 quokkas
  A ball python skeleton (D:3)
  A giant newt (D:4)
  3 kobolds
  A quokka skeleton (D:3)
  3 rats (D:1)
27 creatures vanquished.

Notes
Turn   | Place    | Note
--------------------------------------------------------------
     0 | D:1      | M4edhros the Formicid Fighter began the quest for the Orb.
     0 | D:1      | Reached XP level 1. HP: 18/18 MP: 1/1
    57 | D:1      | Reached XP level 2. HP: 22/24 MP: 2/2
    69 | D:1      | Reached skill level 4 in Shields
   207 | D:2      | Reached XP level 3. HP: 28/29 MP: 3/3
   396 | D:2      | Found a bloodstained altar of Trog.
   464 | D:3      | Reached XP level 4. HP: 29/35 MP: 4/4
   726 | D:4      | Noticed Eustachio
   734 | D:4      | Mangled by Eustachio

Skill      XL: |  1  2  3 |
---------------+----------+-----
Shields        | 4 |  4.9
Polearms       | 3 |  3.2
Fighting       | |  3.2
Armour         | |  3.2

Action                   |  1- 3 |  4- 6 || total
-------------------------+-------+-------++-------
Melee: Trident           |    83 |    22 ||   105
Armor: Scale mail        |    33 |     9 ||    42
Dodge: Dodged            |    27 |    10 ||    37
Block: Shield            |    32 |    10 ||    42
